 Dungeon Crawl Stone Soup version 0.30-a0-4-ga7cffc901d (webtiles) character file.

Game seed: 1770157842845896452

75 xian the Vexing (level 4, -2/32 HPs)
             Began as a Demonspawn Arcane Marksman on Aug 22, 2022.
             Killed by divine providence
             ... invoked by an orc priest
              (11 damage)
             ... on level 3 of the Dungeon.
             The game lasted 00:04:38 (3013 turns).

xian the Vexing (Demonspawn Arcane Marksman)        Turns: 3013, Time: 00:04:38

Health: -2/32      AC: 14    Str: 13    XL:     4   Next: 11%
Magic:  5/5        EV: -1    Int: 14    God:
Gold:   91         SH:  0    Dex: 15    Spells: 1/5 levels left

rFire   . . .      SeeInvis .    l - +0 dagger
rCold   . . .      Faith    .    (no shield)
rNeg    . . .      Spirit   .    h - +0 crystal plate armour
rPois   .          Reflect  .    (no helmet)
rElec   .          Harm     .    (no cloak)
rCorr   .          Rampage  .    (no gloves)
Will    .....                    (no boots)
Stlth   ..........               (no amulet)
HPRegen 0.10/turn                j - ring of flight
MPRegen 0.09/turn                (no ring)

@: attractive, flying
A: hooves 1, thin skeletal structure 1
a: no special abilities


You were on level 3 of the Dungeon.
You visited 1 branch of the dungeon, and saw 3 of its levels.

You collected 91 gold pieces.

Inventory:

Hand Weapons
 a - a +1 sling
 l - a +0 dagger (weapon)
Armour
 c - a +0 robe
 h - a +0 crystal plate armour (worn)
Jewellery
 j - a ring of flight (left hand)
 k - a ring of wizardry
Scrolls
 b - 2 scrolls of poison
 d - a scroll of amnesia {unknown}
 e - a scroll of enchant weapon {unknown}
 m - a scroll of magic mapping {unknown}
 n - a scroll of blinking {unknown}
 p - a scroll of acquirement {unknown}
 q - a scroll of vulnerability {unknown}
 s - a scroll of identify {unknown}
Potions
 f - 2 potions of curing
 o - a potion of might {unknown}
 r - a potion of resistance {unknown}


   Skills:
 + Level 1.5 Fighting
 + Level 3.2 Ranged Weapons
 + Level 1.0 Armour
 + Level 1.9 Dodging
 + Level 1.0 Spellcasting
 + Level 3.2 Hexes


You had one spell level left.
You knew the following spells:

 Your Spells              Type           Power      Damage    Failure   Level
a - Slow                  Hex            36%        N/A       100%        1
b - Portal Projectile     Hex/Tloc       10%        N/A       100%        3

Your spell library contained the following spells:

 Spells                   Type           Power      Damage    Failure   Level
 Inner Flame              Hex/Fire       5%         N/A       100%        3
 Cause Fear               Hex            4%         N/A       100%        4


Dungeon Overview and Level Annotations

Branches:
Dungeon (3/15)

Altars:


Innate Abilities, Weirdness & Mutations

You have large cloven feet.
You have a somewhat thin skeletal structure. (Dex +2, Stealth+)


Message History

The orc priest hits you but does no damage.
Unknown command.
It was a potion of heal wounds.
You feel much better.
The orc priest hits you but does no damage.
Unknown command.
You hit the orc priest.
The orc priest is lightly wounded.
The orc priest hits you but does no damage.
You hit the orc priest.
The orc priest is moderately wounded.
The orc priest hits you but does no damage.
You hit the orc priest but do no damage.
The orc priest is moderately wounded.
The orc priest calls down the wrath of Beogh upon you.
Pain shoots through your body!
You hit the orc priest.
You kick the orc priest, but do no damage.
The orc priest is heavily wounded.
The orc priest hits you but does no damage.
You hit the orc priest but do no damage.
Your kick misses the orc priest.
The orc priest is heavily wounded.
The orc priest hits you but does no damage.
You hit the orc priest but do no damage.
Your kick misses the orc priest.
The orc priest is heavily wounded.
The orc priest hits you but does no damage.
You hit the orc priest but do no damage.
You kick the orc priest.
The orc priest is heavily wounded.
The orc priest calls down the wrath of Beogh upon you.
Beogh smites you!
* * * LOW HITPOINT WARNING * * *
Unknown command.
You hit the orc priest but do no damage.
You kick the orc priest, but do no damage.
The orc priest is heavily wounded.
The orc priest calls down the wrath of Beogh upon you.
Beogh smites you!
You die...

#.# #.#
#.# #.#
#.# #.#
#.#
#######.#
#ooo@...#
#o#######
#. #o #.
#. #. #.


You could see an orc priest and 3 orcs.

Vanquished Creatures
  3 adders
  4 ball pythons
  5 endoplasms
  2 giant cockroaches
  6 goblins
  5 hobgoblins
  2 quokkas
  2 bats (D:1)
  2 frilled lizards
  5 kobolds
  7 rats
43 creatures vanquished.

Notes
Turn   | Place    | Note
-------+----------+-------------------------------------------
     0 | D:1      | xian the Demonspawn Arcane Marksman began the quest for the
                  | Orb.
     0 | D:1      | Reached XP level 1. HP: 15/15 MP: 2/2
   314 | D:1      | Gained mutation: You have large cloven feet. [demonic
                  | ancestry]
   314 | D:1      | Reached XP level 2. HP: 21/21 MP: 3/3
   939 | D:1      | Found a faded altar of an unknown god.
  1426 | D:2      | Reached XP level 3. HP: 20/26 MP: 4/4
  1584 | D:2      | Learned a level 3 spell: Portal Projectile
  1847 | D:2      | HP: 1/26 [frozen (2)]
  2577 | D:3      | Reached skill level 1 in Armour
  2585 | D:3      | Gained mutation: You have a somewhat thin skeletal
                  | structure. (Dex +2, Stealth+) [demonic ancestry]
  2585 | D:3      | Reached XP level 4. HP: 10/32 MP: 5/5
  3013 | D:3      | Killed from afar by an orc priest

Illustrated notes

Levels and vault maps discovered:
D:1:      tarquinn_simple_flora_water_c, layout_basic,
          ebering_ecumenical_altar_petrified, chequers_decorated_corner
D:2:      kennysheep_big_flooded_room, layout_loops_corners,
          serial_bayou_crossing
D:3:      layout_basic, kennysheep_decorative_pillar

Skill      XL: |  1  2  3 |
---------------+----------+-----
Ranged Weapons | 2 3 |  3.2
Armour         | 1 |  1.0
Fighting       | |  1.5
Dodging        | |  1.9
Spellcasting   | |  1.0
Hexes          | |  3.2

Action                   |  1- 3 |  4- 6 || total
-------------------------+-------+-------++-------
Melee: Dagger            |    12 |     8 ||    20
       Kick              |     3 |     3 ||     6
 Fire: Sling             |   118 |    13 ||   131
  Use: Potion            |       |     3 ||     3
Armor: Crystal plate arm |   185 |    12 ||   197
       Robe              |     1 |       ||     1
Dodge: Dodged            |     5 |       ||     5

Table legend: (Time is in decaauts)
 A = Elapsed time spent in this place.
 B = Non-inter-level travel time spent in this place.
 C = Inter-level travel time spent in this place.
 D = Time resting spent in this place.
 E = Time spent auto-exploring this place.
 F = Levels seen in this place.
 G = Mean time per level.
                   A        B        C        D        E       F      G
               +--------+--------+--------+--------+--------+-----+--------+
         Total |   3225 |   3125 |    100 |      0 |   2608 |   3 | 1075.0 |
       Dungeon |   3225 |   3125 |    100 |      0 |   2608 |   3 | 1075.0 |
               +--------+--------+--------+--------+--------+-----+--------+

Top non-repeatable levels by time:
     D:2: 1586 daAuts
     D:1: 1163 daAuts
     D:3: 475 daAuts
